 Dungeon Crawl Stone Soup version 0.32-a0-290-g598725c5f2 (webtiles) character file.

Game seed: 17256094479829440767

1652 retardedninja the Chopper (level 8, -1/55 (71) HPs)
             Began as a Mountain Dwarf Fighter on Feb 13, 2024.
             Was an Initiate of Cheibriados.
             Slain by an orc warrior
             ... wielding a +0 battleaxe of draining
              (9 damage)
             ... on level 5 of the Dungeon.
             The game lasted 00:09:17 (6836 turns).

retardedninja the Chopper (Mountain Dwarf Fighter)  Turns: 6836, Time: 00:09:18

HP:   -1/55 (71)    AC:  7    Str: 20 (21) XL:     8   Next: 68%
MP:   8/8           EV:  8    Int:  9 (11) God:    Cheibriados [......]
Gold: 363           SH:  9    Dex:  8 (10) Spells: 7/7 levels left

rFire   . . .        a - +0 war axe
rCold   . . .        s - +0 kite shield
rNeg    . . .        b - +0 scale mail
rPois   .            (no helmet)
rElec   .            (no cloak)
rCorr   .            (no gloves)
SInv    .            (no boots)
Will    .....        q - amulet of the acrobat Stlth
                     (no ring)
HPRegen 0.29/turn    (no ring)
MPRegen 0.11/turn

%: acrobat
@: heavily drained, very slow
A: runic magic, artefact enchanting
a: Renounce Religion


You were on level 5 of the Dungeon.
You worshipped Cheibriados.
Cheibriados was noncommittal.
You visited 2 branches of the dungeon, and saw 7 of its levels.

You collected 363 gold pieces.

Inventory:

Hand Weapons
 a - a +0 war axe (weapon)
Armour
 b - a +0 scale mail (worn)
 s - a +0 kite shield (worn)
 x - a +0 pair of boots
Jewellery
 c - a ring of protection from cold
 q - an amulet of the acrobat (around neck)
 u - a ring of positive energy
Wands
 w - a wand of paralysis (5)
Scrolls
 f - 2 scrolls of poison
 m - a scroll of torment {unknown}
 o - a scroll of blinking {unknown}
 r - a scroll of revelation {unknown}
 t - a scroll of immolation {unknown}
 v - a scroll of amnesia {unknown}
Potions
 d - a potion of magic
 k - a potion of mutation
 n - a potion of attraction
 p - a potion of resistance


   Skills:
 + Level 6.9 Fighting
 + Level 7.0 Axes
 + Level 6.9 Armour
 + Level 6.8 Shields


You had 7 spell levels left.
You didn't know any spells.
Your spell library contained the following spells:

 Spells                   Type           Power      Damage    Failure   Level
 Sandblast                Erth           0%         2d4       73%         1
 Ensorcelled Hibernation  Hex/Ice        0%         N/A       86%         2
 Passwall                 Erth           0%         N/A       97%         3
 Stone Arrow              Conj/Erth      0%         3d7       97%         3
 Summon Ice Beast         Ice/Summ       0%         N/A       97%         3
 Swiftness                Air            0%         N/A       97%         3
 Animate Dead             Necr           0%         N/A       100%        4
 Brom's Barrelling Bould  Conj/Erth      0%         2d3       100%        4
 Borgnjor's Vile Clutch   Necr/Erth      0%         N/A       100%        5
 Summon Mana Viper        Hex/Summ       0%         N/A       100%        5
 Death Channel            Necr           0%         N/A       100%        6
 Monstrous Menagerie      Summ           0%         N/A       100%        7


Dungeon Overview and Level Annotations

Branches:
Dungeon (6/15)             Temple (1/1) D:6

Altars:
Cheibriados
Elyvilon
Fedhas
Gozag
Hepliaklqana
Kikubaaqudgha
Makhleb
Nemelex Xobeh
Okawaru
Qazlal
Ru
Sif Muna
Trog
Uskayaw
Wu Jian
Xom
Yredelemnul
Zin

Shops:
D:3 ?

Annotations:
D:6 2 transporters, bakla's ghost, novice HuIE


Innate Abilities, Weirdness & Mutations

Your spellcasting is much less encumbered by armour.
You can use scrolls of enchantment on lesser artefacts.


Message History

There is a stone staircase leading down, spattered with blood here.
You climb downwards.
Level annotation: 2 transporters, bakla's ghost, novice HuIE You block the orc warrior's attack.
There is a stone staircase leading up here.
You block the orc warrior's attack.
The orc wizard casts a spell.
The orc wizard flickers and vanishes!
Deactivating autopickup; reactivate with Ctrl-A.
You climb upwards.
Reactivating autopickup.
There is a stone staircase leading down, spattered with blood here.
You completely miss the orc warrior.
The orc warrior hits you with a +0 battleaxe of draining.
You feel drained.
The orc warrior hits you with a +0 battleaxe of draining!
You feel drained.
You closely miss the orc warrior.
The orc warrior hits you with a +0 battleaxe of draining.
You feel drained.
You barely miss the orc warrior. You block the orc warrior's attack.
You hit the orc warrior.
The orc warrior is lightly wounded.
The orc warrior hits you with a +0 battleaxe of draining!
You feel drained. The orc warrior barely misses you.
You hit the orc warrior but do no damage.
The orc warrior is lightly wounded.
You block the orc warrior's attack.
Aiming: Paralyse
Press: ? - help, Q - select action Shift-Dir - straight line, f - orc warrior
Aim: an orc warrior, wielding a +0 battleaxe of draining and wearing a +0 plate armour (lightly wounded, chance to affect: 49%)
The orc warrior resists with some effort.
The orc warrior hits you with a +0 battleaxe of draining!!
* * * LOW HITPOINT WARNING * * *
You feel drained.
* * * LOW HITPOINT WARNING * * *
You feel better.
The orc warrior hits you with a +0 battleaxe of draining!
You die...
Cheibriados appreciates the motionlessness of death.

..##+########.######......#######
.......###.##)###................
.......#...#....#................
.......#...#....#................
.......#...#....#................
.......#...#....#................
.......#...#....#................
.<.....##'#####'#................
###+#...........@...###'##.......
....#..†.........o..#....#.......
....#...............#....#.......
....'...............#....#.......
....#...............#....#.......
....#...............'....#.......
..###...............#..###.......
..#######........####..#......#'#
...#....#........#.....#......#..


You could see an orc warrior.

Vanquished Creatures
  Edmund (D:4)
  A water moccasin (D:6)
  2 ice beasts (D:6)
  A sky beast (D:5)
  A black bear (D:6)
  2 ogres (D:4)
  A centaur (D:5)
  2 scorpions
  4 killer bees (D:5)
  A bombardier beetle (D:5)
  3 jellies
  An orc priest (D:5)
  An iguana (D:6)
  3 orc wizards
  6 adders
  3 gnolls (D:6)
  A shadow imp (D:6)
  A white imp (D:5)
  5 dart slugs
  3 ribbon worms (D:2)
  14 orcs
  5 ball pythons
  3 endoplasms
  5 giant cockroaches
  6 goblins
  8 hobgoblins
  10 kobolds
  A quokka (D:1)
  7 bats
  4 frilled lizards
  8 rats
114 creatures vanquished.

Notes
Turn   | Place    | Note
-------+----------+-------------------------------------------
     0 | D:1      | retardedninja the Mountain Dwarf Fighter began the quest
                  | for the Orb.
     0 | D:1      | Reached XP level 1. HP: 19/19 MP: 1/1
    66 | D:1      | Reached XP level 2. HP: 26/26 MP: 2/2
   281 | D:1      | Reached skill level 3 in Axes
   284 | D:1      | Reached XP level 3. HP: 26/31 MP: 3/3
   762 | D:2      | Reached XP level 4. HP: 40/40 MP: 4/4
  1206 | D:2      | Found a faded altar of an unknown god.
  1508 | D:3      | Reached XP level 5. HP: 40/47 MP: 5/5
  1517 | D:3      | Reached skill level 4 in Axes
  1528 | D:3      | Found Nosac's Magic Scroll Emporium.
  2270 | D:3      | Reached XP level 6. HP: 28/53 MP: 6/6
  2818 | D:4      | Noticed Edmund
  2824 | D:4      | Reached skill level 5 in Fighting
  2824 | D:4      | Reached skill level 5 in Armour
  2824 | D:4      | Reached skill level 5 in Shields
  2830 | D:4      | Killed Edmund
  2831 | D:4      | Reached skill level 5 in Axes
  2831 | D:4      | Reached XP level 7. HP: 34/61 MP: 7/7
  3518 | D:5      | Entered Level 5 of the Dungeon
  3915 | D:5      | Reached skill level 6 in Axes
  3915 | D:5      | Reached XP level 8. HP: 41/70 MP: 8/8
  5019 | D:6      | Found a transporter.
  5019 | D:6      | Noticed bakla's ghost (novice HuIE)
  5019 | D:6      | Noticed a troll
  5029 | D:6      | Found a staircase to the Ecumenical Temple.
  5047 | Temple   | Entered the Ecumenical Temple
  5759 | Temple   | Became a worshipper of Cheibriados the Contemplative
  5802 | D:6      | Found a transporter.
  6091 | D:5      | Reached skill level 7 in Axes
  6836 | D:5      | Slain by an orc warrior

Illustrated notes

Levels and vault maps discovered:
D:1:      grunt_arrival_lava_bath, layout_rooms, minmay_split_cup_large
D:2:      layout_rooms, shapermc_ecumenical_altar_mp_urbaneastern,
          nicolae_figureground_sparkle
D:3:      layout_basic, serial_shops, shop
D:4:      layout_basic, uniq_edmund
D:5:      layout_gridville
D:6:      layout_cave_pools, minmay_temple_entry_ruins, gammafunk_ghost_arena
Temple:   mainiacjoe_temple_coin_purse

Skill      XL: |  1  2  3  4  5  6  7  8 |
---------------+-------------------------+-----
Axes           | 3 4 5 6 7 |  7.0
Fighting       | 4 5 6 |  6.9
Armour         | 4 5 6 |  6.9
Shields        | 4 5 6 |  6.8

Action                     |  1- 3 |  4- 6 |  7- 9 || total
---------------------------+-------+-------+-------++-------
  Melee: War axe           |    93 |   123 |   161 ||   377
  Evoke: Wand              |       |       |    12 ||    12
    Use: Potion            |       |     2 |     6 ||     8
         Scroll            |       |       |     9 ||     9
   Stab: Paralysed         |       |       |     2 ||     2
 Armour: Scale mail        |    68 |    83 |   154 ||   305
  Dodge: Dodged            |    62 |    59 |    88 ||   209
  Block: Buckler           |    32 |    19 |       ||    51
         Kite shield       |       |    13 |    98 ||   111

Table legend: (Time is in decaauts)
 A = Elapsed time spent in this place.
 B = Non-inter-level travel time spent in this place.
 C = Inter-level travel time spent in this place.
 D = Time resting spent in this place.
 E = Time spent auto-exploring this place.
 F = Levels seen in this place.
 G = Mean time per level.
                   A        B        C        D        E       F      G
               +--------+--------+--------+--------+--------+-----+--------+
         Total |   6985 |   6844 |    141 |   1940 |   3783 |   7 |  997.9 |
       Dungeon |   6244 |   6114 |    130 |   1254 |   3783 |   6 | 1040.7 |
        Temple |    741 |    730 |     11 |    686 |      0 |   1 |  741.0 |
               +--------+--------+--------+--------+--------+-----+--------+

Top non-repeatable levels by time:
     D:5: 1963 daAuts
     D:3: 1258 daAuts
     D:4: 981 daAuts
  Temple: 741 daAuts
     D:2: 695 daAuts
     D:6: 675 daAuts
     D:1: 670 daAuts
